 Dungeon Crawl Stone Soup version 0.29-a0-322-g68df515428 (console) character file.

Game seed: 16350000978290198945

212 Ignak the Skirmisher (level 5, -3/54 HPs)
             Began as an Ogre Warper on Apr 6, 2022.
             Slain by an orc
             ... wielding a +0 short sword
              (5 damage)
             ... on level 4 of the Dungeon.
             The game lasted 00:08:34 (4902 turns).

Ignak the Skirmisher (Ogre Warper)                  Turns: 4902, Time: 00:08:34

Health: -3/54      AC:  3    Str: 17    XL:     5   Next: 89%
Magic:  4/9        EV: 10    Int: 14    God:
Gold:   212        SH:  0    Dex:  8    Spells: 0/10 levels left

rFire   . . .      SeeInvis .   a - +0 mace
rCold   . . .      Faith    .   (no shield)
rNeg    . . .      Spirit   .   b - +0 robe
rPois   .          Reflect  .   (helmet restricted)
rElec   .          Harm     .   (no cloak)
rCorr   .          Rampage  .   (gloves unavailable)
Will    .....                   (boots unavailable)
Stlth   +.........              (no amulet)
HPRegen 0.18/turn               (no ring)
MPRegen 0.11/turn               (no ring)

@: wereblooded, on blink cooldown
A: large, unfitting armour, tough skin 1
a: no special abilities


You were on level 4 of the Dungeon.
You visited 1 branch of the dungeon, and saw 4 of its levels.

You collected 212 gold pieces.

Inventory:

Hand Weapons
 a - a +0 mace (weapon)
Missiles
 d - 7 boomerangs of dispersal (quivered)
 h - a throwing net
 k - a boomerang
Armour
 b - a +0 robe (worn)
Jewellery
 i - a ring of ice
Scrolls
 c - 2 scrolls of blinking
 e - a scroll of noise {unknown}
 g - a scroll of magic mapping {unknown}
 j - 3 scrolls of identify
Potions
 f - 2 potions of attraction {unknown}
 m - a potion of brilliance


   Skills:
 + Level 4.3 Fighting
 + Level 2.9 Maces & Flails
 + Level 2.0 Throwing
 + Level 2.8 Dodging
 * Level 0.0 Unarmed Combat
 + Level 3.3 Spellcasting
 + Level 3.3 Translocations
 * Level 0.0 Transmutations


You couldn't memorise any spells.
You knew the following spells:

 Your Spells              Type           Power      Damage    Failure   Level
a - Teleport Other        Tloc           11%        N/A       16%         3
b - Blink                 Tloc           22%        N/A       8%          2
c - Wereblood             Tmut           2%         N/A       30%         2
t - Passwall              Tmut/Erth      1%         N/A       30%         2
z - Beastly Appendage     Tmut           4%         N/A       21%         1

Your spell library contained the following spells:

 Spells                   Type           Power      Damage    Failure   Level
 Gell's Gravitas          Tloc           11%        N/A       16%         3
 Lesser Beckoning         Tloc           11%        N/A       16%         3
 Ensorcelled Hibernation  Hex/Ice        4%         N/A       32%         2
 Static Discharge         Conj/Air       2%         N/A       32%         2
 Spider Form              Tmut/Pois      2%         N/A       52%         3
 Summon Guardian Golem    Hex/Summ       2%         N/A       54%         3
 Swiftness                Air            2%         N/A       54%         3
 Iskenderun's Mystic Bla  Conj/Tloc      7%         2d4       71%         4
 Manifold Assault         Tloc           11%        N/A       82%         5
 Dispel Undead            Necr           2%         3d7       91%         4
 Fulminant Prism          Conj/Hex       1%         3d6       91%         4
 Sticky Flame             Conj/Fire      2%         2d3       91%         4
 Lee's Rapid Deconstruct  Erth           1%         3d5*      99%         5
 Orb of Destruction       Conj           1%         9d5       100%        7
 Spellforged Servitor     Conj/Summ      1%         N/A       100%        7


Dungeon Overview and Level Annotations

Branches:
Dungeon (4/15)
 Temple: D:4-7

Altars:
Trog
Yredelemnul


Innate Abilities, Weirdness & Mutations

You are too large for most types of armour.
You have tough skin. (AC +1)


Message History

You kill the orc!
An orc comes into view. It is wielding a +0 short sword.
The orc hits you with a +0 hand axe.
Things that are here:
a +0 dagger; an orc corpse Unknown command.
The orc attacks as you move away! The orc barely misses you.
The orc shouts!
Casting: Beastly Appendage (safe; 21% risk of failure)
Confirm with . or Enter, or press ? or * to list all spells.
Your blood is infused with primal strength.
The gnoll hits you from afar with a +0 spear.
Your magical contamination has completely faded away.
Unknown command.
The orc attacks as you move away! The orc misses you.
You hit the orc but do no damage. You hit the orc. You claw the orc.
The orc is severely wounded.
The orc hits you with a +0 dagger.
You sock the orc!
You feel a bit better.
You kill the orc!
Your horns disappear.
Your talons disappear.
The orc hits you with a +0 hand axe. The gnoll completely misses you.
The orc hits you but does no damage. The orc misses you.
The gnoll closely misses you.
Unknown command.
You closely miss the orc. The orc hits you with a +0 short sword.
The gnoll barely misses you. The gnoll hits you with a +0 whip!
The orc hits you with a +0 hand axe.
You hit the orc.
The orc is almost dead.
The orc hits you with a +0 short sword. The orc misses you.
The gnoll hits you from afar with a +0 spear!
* * * LOW HITPOINT WARNING * * *
The gnoll hits you with a +0 whip!
* * * LOW HITPOINT WARNING * * *
Casting: Wereblood (dangerous; 30% risk of failure)
Confirm with . or Enter, or press ? or * to list all spells.
You blink.
The orc hits you with a +0 short sword.
You die...

### #..
#######.##
#........#
.#####).#
#.o§go.#
#.#o#g.#
#<#@#..#
###.#.g#
.....#
####...
.....
##... ....
...


You could see a gnoll and 2 orcs.

Vanquished Creatures
  An orc priest (D:3)
  A hound (D:3)
  An orc wizard (D:3)
  3 gnolls (D:3)
  5 adders
  5 orcs
  A ball python (D:1)
  4 endoplasms
  2 giant cockroaches
  4 goblins
  3 hobgoblins
  3 kobolds
  2 quokkas
  3 bats
  14 frilled lizards
  6 rats
58 creatures vanquished.

Vanquished Creatures (others)
  4 plants (D:1)
4 creatures vanquished.

Grand Total: 62 creatures vanquished

Notes
Turn   | Place    | Note
-------+----------+-------------------------------------------
     0 | D:1      | Ignak the Ogre Warper began the quest for the Orb.
     0 | D:1      | Reached XP level 1. HP: 22/22 MP: 3/3
   217 | D:1      | Reached XP level 2. HP: 27/29 MP: 5/5
   243 | D:1      | Learned a level 2 spell: Blink
   965 | D:2      | Found a faded altar of an unknown god.
  1032 | D:2      | Reached skill level 3 in Fighting
  1032 | D:2      | Reached XP level 3. HP: 22/37 MP: 7/7
  1401 | D:2      | Learned a level 2 spell: Passwall
  1431 | D:2      | HP: 1/37 [quokka (4)]
  1700 | D:2      | Learned a level 3 spell: Teleport Other
  1906 | D:2      | Reached XP level 4. HP: 43/45 MP: 8/8
  2682 | D:3      | Reached XP level 5. HP: 28/54 MP: 9/9
  3415 | D:3      | Reached skill level 4 in Fighting
  4493 | D:3      | Found a basalt altar of Yredelemnul.
  4493 | D:3      | Found a bloodstained altar of Trog.
  4580 | D:3      | Learned a level 1 spell: Beastly Appendage
  4583 | D:3      | Learned a level 2 spell: Wereblood
  4901 | D:4      | HP: 2/54 [gnoll/+0 whip (8)]
  4902 | D:4      | Slain by an orc

Illustrated notes

Levels and vault maps discovered:
D:1:      zaba_arrival_water, layout_loops_ring, grunt_decor_one_mirror,
          minmay_misc_feat_four_crosses, hangedman_feature_mirror,
          minmay_statues_item, minmay_lizard_king
D:2:      layout_basic, ebering_ecumenical_altar_sacrificial,
          chequers_mini_garden
D:3:      layout_loops_ring, chequers_temple_overflow_statue_of_worship,
          wad_floor_pattern_untrapped
D:4:      layout_basic, minmay_temple_entry_glass

Skill      XL: |  1  2  3  4  5 |
---------------+----------------+-----
Maces & Flails | 2 |  2.9
Fighting       | 3 4 |  4.3
Translocations | 3 |  3.3
Spellcasting   | 3 |  3.3
Throwing       | 2 |  2.0
Dodging        | |  2.8

Action                   |  1- 3 |  4- 6 || total
-------------------------+-------+-------++-------
Melee: Mace              |   116 |   135 ||   251
       Punch             |     2 |     1 ||     3
       Headbutt          |       |     4 ||     4
       Kick              |       |     2 ||     2
 Cast: Blink             |       |     3 ||     3
       Beastly Appendage |       |     3 ||     3
       Wereblood         |       |     1 ||     1
  Use: Potion            |     2 |     3 ||     5
       Scroll            |     1 |     1 ||     2
Armor: Robe              |    47 |    32 ||    79
Dodge: Dodged            |    77 |    70 ||   147

Table legend: (Time is in decaauts)
 A = Elapsed time spent in this place.
 B = Non-inter-level travel time spent in this place.
 C = Inter-level travel time spent in this place.
 D = Time resting spent in this place.
 E = Time spent auto-exploring this place.
 F = Levels seen in this place.
 G = Mean time per level.
                   A        B        C        D        E       F      G
               +--------+--------+--------+--------+--------+-----+--------+
         Total |   4985 |   4877 |    108 |   1765 |   2118 |   4 | 1246.2 |
       Dungeon |   4985 |   4877 |    108 |   1765 |   2118 |   4 | 1246.2 |
               +--------+--------+--------+--------+--------+-----+--------+

Top non-repeatable levels by time:
     D:2: 2616 daAuts
     D:3: 1373 daAuts
     D:1: 965 daAuts
     D:4: 29 daAuts
